AoeStats
← 白桵

Pilgrims

509383576Analyzed
4v4 RM · 5d ago on Sep 26, 2026· 67m 23s· 8 players
Game mode
Random Map
Map size
Large (8 player)
Population
200
Speed
Normal
Resources
Standard
Victory
Conquest
Starting age
Dark Age
Ending age
Imperial Age
RankedLock teamsTeams togetherTeam positionsShared explorationLock speedFull tech treeHidden civsTurbo modeCheats
Victory
Defeat
🇨🇳 Turks · China
956
+16
🇸🇰 Italians · Slovakia
938
+17
🇨🇳 Teutons · China
937
+17
🇨🇳 Franks · China
932
+17
🇩🇪 Varangians · Germany
978
-17
🇬🇧 Varangians · United Kingdom
967
-17
🇪🇸 Vietnamese · Spain
956
-17
🇪🇸 Persians · Spain
940
-16
白仔
11:36 Feudal Age
13:19 Double-Bit Axe
15:49 Forging
15:45 Scale Barding Armor
15:46 Fishing Lines
18:28 Castle Age
18:24 Loom
19:15 Wheelbarrow
19:32 Husbandry
19:36 Light Cavalry
21:52 Bow Saw
25:56 Town Watch
26:56 Iron Casting
29:32 Hand Cart
35:49 Imperial Age
34:40 Gold Mining
36:02 Chain Barding Armor
36:30 Gold Shaft Mining
36:08 Cavalier
38:01 Blast Furnace
37:37 Plate Barding Armor
40:45 Fletching
41:41 Paladin
45:31 Conscription
45:42 Caravan
64:38 Ordonnance Companies
67:34 Bodkin Arrow
白桵
9:28 Loom
14:42 Feudal Age
19:14 Castle Age
17:55 Fishing Lines
18:06 Fishing Lines
19:19 Wheelbarrow
21:41 Double-Bit Axe
24:41 Gold Mining
24:44 Stone Mining
29:53 Imperial Age
27:49 Hand Cart
28:45 Pikeman
30:20 Stone Shaft Mining
29:33 Horse Collar
30:10 Bow Saw
32:57 Forging
32:48 Scale Mail Armor
33:16 Conscription
32:45 Gambesons
33:01 Squires
32:47 Arson
36:08 Halberdier
40:54 Heavy Plow
41:58 Two-Man Saw
43:59 Ballistics
45:24 Iron Casting
45:04 Chain Mail Armor
45:14 Ironclad
44:43 Onager
48:55 Crop Rotation
49:33 Blast Furnace
49:31 Plate Mail Armor
55:52 Fletching
56:10 Siege Engineers
57:07 Chemistry
57:20 Bodkin Arrow
59:27 Siege Onager
60:32 Caravan
粮草征收人
6:37 Loom
13:26 Feudal Age
14:13 Double-Bit Axe
14:11 Horse Collar
19:36 Castle Age
17:40 Gold Mining
17:44 Stone Mining
21:31 Medium Warships
21:46 Bow Saw
22:15 Gold Shaft Mining
23:57 Husbandry
25:00 Bloodlines
24:54 Heavy Plow
33:04 Imperial Age
33:38 Wheelbarrow
33:32 Scale Barding Armor
33:38 Forging
34:37 Hand Cart
34:46 Conscription
33:48 Elite Janissary
36:54 Chain Barding Armor
37:10 Iron Casting
37:29 Bombard Tower
38:21 Artillery
48:46 Ballistics
50:55 Hoardings
52:39 Plate Barding Armor
53:06 Blast Furnace
51:57 Fletching
52:08 Padded Archer Armor
52:15 Caravan
Adamer64
4:11 Loom
12:40 Feudal Age
13:29 Fishing Lines
14:10 Double-Bit Axe
23:35 Castle Age
23:01 Stone Mining
23:38 Scale Mail Armor
23:49 Forging
23:47 Gold Mining
25:03 Bow Saw
24:17 Pikeman
25:13 Medium Warships
25:45 Fletching
27:04 Wheelbarrow
26:55 Bodkin Arrow
27:29 Horse Collar
29:10 Stone Shaft Mining
28:36 Crossbowman
31:46 Ballistics
31:48 Clinker Construction
32:13 Hand Cart
33:35 Padded Archer Armor
33:49 Careening
35:35 Town Watch
36:41 Leather Archer Armor
36:13 Elite Skirmisher
37:05 Squires
46:52 Imperial Age
47:03 Thumb Ring
47:43 Bracer
52:04 Ring Archer Armor
50:57 Arbalester
55:07 Two-Man Saw
56:45 Heavy Plow
59:26 Chain Mail Armor
61:32 Caravan
64:54 Chemistry
64:07 Masonry
67:13 Plate Mail Armor
67:19 Iron Casting
Heroc
5:02 Loom
10:36 Feudal Age
11:02 Double-Bit Axe
11:51 Fishing Lines
17:08 Fletching
19:27 Castle Age
18:06 Fletching
20:52 Bodkin Arrow
21:48 Medium Warships
23:43 Ballistics
23:38 Clinker Construction
27:53 Careening
29:08 Gillnets
30:50 Bloodlines
30:41 Husbandry
35:28 Imperial Age
33:33 Wheelbarrow
32:44 Town Watch
36:16 Bracer
37:22 Chemistry
38:06 Carvel Hull
40:29 Scale Barding Armor
40:35 Forging
41:39 Elite Jarl
44:59 Iron Casting
44:45 Chain Barding Armor
46:21 Conscription
47:06 Blast Furnace
47:26 Gold Mining
50:06 Plate Barding Armor
50:46 Horse Collar
56:18 Padded Archer Armor
56:19 Scale Mail Armor
Draek
11:11 Feudal Age
11:47 Fishing Lines
11:51 Horse Collar
16:51 Castle Age
15:31 Double-Bit Axe
16:32 Scale Barding Armor
18:12 Bow Saw
19:00 Gillnets
19:58 Wheelbarrow
21:04 Bloodlines
23:44 Forging
24:17 Heavy Plow
26:09 Husbandry
27:08 Hand Cart
26:39 Loom
28:18 Medium Warships
35:55 Imperial Age
33:49 Fletching
34:34 Iron Casting
34:59 Murder Holes
35:29 Chain Barding Armor
35:05 Bodkin Arrow
35:00 Town Watch
35:10 Crossbowman
35:55 Thumb Ring
37:03 Kamandaran
38:46 Two-Man Saw
38:17 Crop Rotation
37:26 Capped Ram
37:59 Cavalier
40:18 Blast Furnace
39:55 Plate Barding Armor
38:59 Siege Ram
40:15 Ballistics
41:07 Heavy Camel Rider
42:21 Savar
43:51 Hoardings
43:29 Padded Archer Armor
44:49 Caravan
46:19 Chemistry
45:43 Leather Archer Armor
49:51 Ring Archer Armor
49:05 Light Cavalry
55:33 Gold Mining
55:33 Stone Mining
64:44 Hussar
Crazy Finger
3:57 Loom
12:06 Feudal Age
16:26 Castle Age
15:42 Double-Bit Axe
15:42 Horse Collar
17:32 Bow Saw
17:29 Heavy Plow
22:49 Wheelbarrow
25:45 Fletching
27:19 Hand Cart
27:26 Bodkin Arrow
28:23 Ballistics
28:06 Padded Archer Armor
28:52 Town Watch
32:07 Imperial Age
32:48 Bracer
33:04 Leather Archer Armor
32:56 Elite Rattan Archer
35:01 Chemistry
35:11 Paper Money
37:00 Ring Archer Armor
36:44 Forging
39:28 Bloodlines
39:19 Husbandry
41:37 Elite Battle Elephant
48:16 Chatras
48:54 Scale Barding Armor
49:25 Iron Casting
49:54 Squires
52:14 Pikeman
53:55 Scale Mail Armor
53:33 Halberdier
55:05 Thumb Ring
55:29 Arson
57:05 Elite Skirmisher
57:11 Crossbowman
58:07 Imperial Skirmisher
spilling
6:41 Loom
12:46 Feudal Age
13:24 Double-Bit Axe
17:59 Gold Mining
22:59 Castle Age
21:28 Horse Collar
24:20 Light Cavalry
25:04 Husbandry
25:14 Bloodlines
25:28 Bow Saw
26:07 Medium Warships
25:56 Town Watch
26:49 Wheelbarrow
28:14 Scale Barding Armor
39:55 Heavy Plow
40:30 Chain Barding Armor
41:06 Hand Cart
42:27 Forging
45:37 Imperial Age
44:59 Town Patrol
47:08 Crop Rotation
46:15 Cavalier
50:39 Fletching
52:04 Fishing Lines
53:29 Bodkin Arrow
54:20 Plate Barding Armor
54:21 Iron Casting
54:18 Conscription
53:28 Light Cavalry
55:28 Gillnets
56:32 Hussar
58:23 Blast Furnace
61:05 Elite Varangian Guard
61:46 Squires
61:33 Arson
Connection lost

Rejoining the realm…

Still unreachable

The connection could not be restored.

Session expired

The server has moved on; the page needs a fresh start.